TOP OF THE 1ST |
Hagerstown Suns batting - Pitching for Lakewood BlueClaws : RHP Chris Perteet
|
Pitching: RHP Chris Perteet
|
|
Batting: RHB Pat Drader
|
0-0: SINGLE (Groundball, 4MD, EV 109.4 MPH)
|
Batting: RHB John McNeill
|
0-0: Called Strike Pat Drader steals 2nd base 0-1: Ball 1-1: SINGLE (Groundball, 6S, EV 66.2 MPH) (infield hit) Pat Drader to third
|
Batting: RHB Kevin Wick
|
0-0: Ball John McNeill steals 2nd base 1-0: Foul Ball, location: 2F 1-1: Ground out 5-3 (Groundball, 56S, EV 90.6 MPH) Pat Drader scores
|
Batting: LHB Yoshiya Kurokawa
|
0-0: Foul Ball, location: 2F 0-1: Ball 1-1: SINGLE (Flyball, 6D, EV 81.9 MPH) John McNeill to third
|
Batting: RHB Justin Slifka
|
0-0: Ball 1-0: Foul Ball, location: 2F 1-1: Ball 2-1: Ball 3-1: Base on Balls Yoshiya Kurokawa to second
|
Batting: RHB Josh Courtney
|
0-0: Ball 1-0: Ball 2-0: Called Strike 2-1: Swinging Strike 2-2: Ball 3-2: Base on Balls John McNeill scores Yoshiya Kurokawa to third Justin Slifka to second
|
Batting: RHB Jeff Page
|
0-0: Foul Ball, location: 2F 0-1: Called Strike 0-2: Ball 1-2: Strikes out swinging
|
Batting: RHB Scott Skoglund
|
0-0: Ball 1-0: Swinging Strike 1-1: Swinging Strike 1-2: Ball 2-2: Ball 3-2: SINGLE (Groundball, 56, EV 97.5 MPH) Yoshiya Kurokawa scores Justin Slifka to third Josh Courtney to second Justin Slifka scores Josh Courtney to third
|
Batting: RHB Bobby Dieter
|
0-0: Ball 1-0: Ball Wild Pitch! Josh Courtney scores Scott Skoglund to second 2-0: Foul Ball, location: 2F 2-1: Ground out 6-3 (Groundball, 6, EV 109.4 MPH)
|
Top of the 1st over - 5 runs, 4 hits, 0 errors, 1 left on base; Hagerstown 5 - Lakewood 0 |
BOTTOM OF THE 1ST |
Lakewood BlueClaws batting - Pitching for Hagerstown Suns : RHP Jason Beck
|
Pitching: RHP Jason Beck
|
|
Batting: RHB Alberto Ramirez
|
0-0: Ball 1-0: Swinging Strike 1-1: SINGLE (Groundball, 6MD, EV 99.4 MPH)
|
Batting: RHB Steve Jones
|
0-0: Ball 1-0: Called Strike Alberto Ramirez steals 2nd base 1-1: Called Strike 1-2: Ball 2-2: DOUBLE (Line Drive, 9LD, EV 108.8 MPH) Alberto Ramirez scores
|
Batting: SHB Bob Dixon
|
0-0: Called Strike 0-1: Ball 1-1: Foul Ball, location: 2F 1-2: Ball 2-2: Ground out 6-3 (Groundball, 6, EV 80.0 MPH) Steve Jones to third
|
Batting: RHB Danny Krug
|
0-0: Foul Ball, location: 2F 0-1: Foul Ball, location: 2F 0-2: Strikes out swinging
|
Batting: RHB Victor Arroyo
|
0-0: Foul Ball, location: 2F 0-1: Ball 1-1: Ball 2-1: Swinging Strike 2-2: Foul Ball, location: 2F 2-2: Foul Ball, location: 2F 2-2: Ball 3-2: Strikes out swinging
|
Bottom of the 1st over - 1 run, 2 hits, 0 errors, 1 left on base; Hagerstown 5 - Lakewood 1 |
TOP OF THE 2ND |
Hagerstown Suns batting - Pitching for Lakewood BlueClaws : RHP Chris Perteet
|
Batting: RHB Pat Drader
|
0-0: Ground out 4-3 (Groundball, 4, EV 90.0 MPH)
|
Batting: RHB John McNeill
|
0-0: Ball 1-0: Called Strike 1-1: Swinging Strike 1-2: DOUBLE (Groundball, 5L, EV 101.2 MPH)
|
Batting: RHB Kevin Wick
|
0-0: Ball 1-0: Ball 2-0: Ball 3-0: Called Strike 3-1: Base on Balls
|
Pitching: RHP Omar Pineda
|
|
Batting: LHB Yoshiya Kurokawa
|
0-0: Ball 1-0: Called Strike 1-1: Grounds into double play, 5-4-3 (Groundball, 56, EV 88.8 MPH)
|
Top of the 2nd over - 0 runs, 1 hit, 0 errors, 1 left on base; Hagerstown 5 - Lakewood 1 |
BOTTOM OF THE 2ND |
Lakewood BlueClaws batting - Pitching for Hagerstown Suns : RHP Jason Beck
|
Batting: LHB Jose Carlos
|
0-0: Fly out, F8 (Line Drive, 8RM, EV 98.1 MPH)
|
Batting: SHB Mike Rueth
|
0-0: Ground out 4-3 (Groundball, 4, EV 85.6 MPH)
|
Batting: RHB Pedro Mata
|
0-0: Ball 1-0: SINGLE (Groundball, 6MD, EV 94.4 MPH)
|
Batting: RHB Kyle Morse
|
0-0: Swinging Strike 0-1: Ball 1-1: Ball 2-1: Fielders Choice at 2nd, 6-4 (Groundball, 6, EV 89.4 MPH)
|
Bottom of the 2nd over - 0 runs, 1 hit, 0 errors, 1 left on base; Hagerstown 5 - Lakewood 1 |
TOP OF THE 3RD |
Hagerstown Suns batting - Pitching for Lakewood BlueClaws : RHP Omar Pineda
|
Batting: RHB Justin Slifka
|
0-0: Ball 1-0: Ball 2-0: Foul Ball, location: 2F 2-1: Ball 3-1: Base on Balls
|
Batting: RHB Josh Courtney
|
0-0: Foul Ball, location: 2F 0-1: Ball 1-1: Ball 2-1: Swinging Strike 2-2: Grounds into double play, 5-4-3 (Groundball, 5L, EV 103.8 MPH)
|
Batting: RHB Jeff Page
|
0-0: Ball 1-0: Ball 2-0: Fly out, F8 (Line Drive, 8RD, EV 102.5 MPH)
|
Top of the 3rd over - 0 runs, 0 hits, 0 errors, 0 left on base; Hagerstown 5 - Lakewood 1 |
BOTTOM OF THE 3RD |
Lakewood BlueClaws batting - Pitching for Hagerstown Suns : RHP Jason Beck
|
Batting: RHB Alberto Ramirez
|
0-0: Called Strike 0-1: Called Strike 0-2: Strikes out looking
|
Batting: RHB Steve Jones
|
0-0: Called Strike 0-1: Swinging Strike 0-2: Ball 1-2: Ball 2-2: Foul Ball, location: 2F 2-2: Ball 3-2: Ground out 4-3 (Groundball, 4MD, EV 84.4 MPH)
|
Batting: SHB Bob Dixon
|
0-0: Ball 1-0: Ball 2-0: Ball 3-0: Called Strike 3-1: Foul Ball, location: 2F 3-2: Foul Ball, location: 2F 3-2: Strikes out swinging
|
Bottom of the 3rd over - 0 runs, 0 hits, 0 errors, 0 left on base; Hagerstown 5 - Lakewood 1 |
TOP OF THE 4TH |
Hagerstown Suns batting - Pitching for Lakewood BlueClaws : RHP Omar Pineda
|
Batting: RHB Scott Skoglund
|
0-0: Swinging Strike 0-1: Swinging Strike 0-2: Ball 1-2: Ball 2-2: Foul Ball, location: 2F 2-2: Ball 3-2: Foul Ball, location: 2F 3-2: Foul Ball, location: 2F 3-2: Base on Balls
|
Batting: RHB Bobby Dieter
|
0-0: Ball 1-0: Ball 2-0: Ball 3-0: Base on Balls Scott Skoglund to second
|
Batting: RHB Pat Drader
|
0-0: Ball 1-0: Swinging Strike 1-1: Fly out, F8 (Flyball, 8LXD, EV 88.1 MPH) Runner from 2nd tags up, SAFE at 3rd, no throw by CF
|
Batting: RHB John McNeill
|
0-0: Swinging Strike 0-1: Foul Ball, location: 2F 0-2: Foul Ball, location: 2F 0-2: SINGLE (Groundball, 34D, EV 97.5 MPH) Scott Skoglund scores Bobby Dieter to second Runner from 2nd tries for 3rd, SAFE, no throw by RF
|
Batting: RHB Kevin Wick
|
0-0: Ball 1-0: Foul Ball, location: 2F 1-1: Ball 2-1: DOUBLE (Line Drive, 9LM, EV 104.4 MPH) Bobby Dieter scores John McNeill to third
|
Batting: LHB Yoshiya Kurokawa
|
0-0: Ball 1-0: DOUBLE (Flyball, 8RXD, EV 93.1 MPH) John McNeill scores Kevin Wick scores
|
Batting: RHB Justin Slifka
|
0-0: Ball 1-0: Ball 2-0: Called Strike 2-1: Called Strike 2-2: Fly out, F8 (Flyball, 8RM, EV 76.2 MPH)
|
Pitching: RHP Ricardo Dominguez
|
|
Batting: RHB Josh Courtney
|
0-0: Ball 1-0: Ground out 5-3 (Groundball, 56, EV 101.9 MPH)
|
Top of the 4th over - 4 runs, 3 hits, 0 errors, 1 left on base; Hagerstown 9 - Lakewood 1 |
BOTTOM OF THE 4TH |
Lakewood BlueClaws batting - Pitching for Hagerstown Suns : RHP Jason Beck
|
Batting: RHB Danny Krug
|
0-0: Called Strike 0-1: Foul Ball, location: 2F 0-2: Ball 1-2: Ball 2-2: Foul Ball, location: 2F 2-2: Ball 3-2: Foul Ball, location: 2F 3-2: Foul Ball, location: 2F 3-2: Base on Balls
|
Batting: RHB Victor Arroyo
|
0-0: Ball 1-0: Ball 2-0: Ball 3-0: Called Strike 3-1: Called Strike 3-2: SINGLE (Flyball, 6MD, EV 93.8 MPH) Danny Krug to second
|
Batting: LHB Jose Carlos
|
0-0: Fly out, F9 (Line Drive, 9, EV 108.8 MPH)
|
Batting: SHB Mike Rueth
|
0-0: Ball 1-0: Ball 2-0: Fly out, F8 (Flyball, 8LXD, EV 92.5 MPH) Runner from 2nd tags up, SAFE at 3rd, no throw by CF
|
Batting: RHB Pedro Mata
|
0-0: Foul Ball, location: 2F 0-1: Fly out, F6 (Line Drive, 6, EV 76.2 MPH)
|
Bottom of the 4th over - 0 runs, 1 hit, 0 errors, 2 left on base; Hagerstown 9 - Lakewood 1 |
TOP OF THE 5TH |
Hagerstown Suns batting - Pitching for Lakewood BlueClaws : RHP Ricardo Dominguez
|
Batting: RHB Jeff Page
|
0-0: Foul Ball, location: 2F 0-1: Ball 1-1: Ball 2-1: Foul Ball, location: 2F 2-2: Foul Ball, location: 2F 2-2: Foul Ball, location: 2F 2-2: Ground out 6-3 (Groundball, 6, EV 76.2 MPH)
|
Batting: RHB Scott Skoglund
|
0-0: Called Strike 0-1: Ball 1-1: Ball 2-1: Foul Ball, location: 2F 2-2: Strikes out swinging
|
Batting: RHB Bobby Dieter
|
0-0: Foul Ball, location: 2F 0-1: Ball 1-1: Called Strike 1-2: Ground out U3 (Groundball, 3S, EV 86.9 MPH)
|
Top of the 5th over - 0 runs, 0 hits, 0 errors, 0 left on base; Hagerstown 9 - Lakewood 1 |
BOTTOM OF THE 5TH |
Lakewood BlueClaws batting - Pitching for Hagerstown Suns : RHP Jason Beck
|
Batting: RHB Kyle Morse
|
0-0: Ball 1-0: Ball 2-0: Ball 3-0: Fly out, F3 (Flyball, 3D, EV 77.5 MPH)
|
Batting: RHB Alberto Ramirez
|
0-0: Called Strike 0-1: Ball 1-1: SINGLE (Groundball, 4MD, EV 106.2 MPH) (infield hit)
|
Batting: RHB Steve Jones
|
0-0: Called Strike 0-1: Called Strike 0-2: Fielders Choice at 2nd, 5-4 (Groundball, 5, EV 91.2 MPH)
|
Batting: SHB Bob Dixon
|
0-0: Fielders Choice at 2nd, 5-4 (Groundball, 56, EV 84.4 MPH)
|
Bottom of the 5th over - 0 runs, 1 hit, 0 errors, 1 left on base; Hagerstown 9 - Lakewood 1 |
TOP OF THE 6TH |
Hagerstown Suns batting - Pitching for Lakewood BlueClaws : RHP Ricardo Dominguez
|
Batting: RHB Pat Drader
|
0-0: Ground out 2-3 (Groundball, 2R, EV 69.4 MPH)
|
Batting: RHB John McNeill
|
0-0: Foul Ball, location: 2F 0-1: Foul Ball, location: 2F 0-2: Foul Ball, location: 2F 0-2: Ball 1-2: Ground out 5-3 (Groundball, 5, EV 85.0 MPH)
|
Batting: RHB Kevin Wick
|
0-0: Ball 1-0: Fly out, F6 (Line Drive, 6, EV 72.5 MPH)
|
Top of the 6th over - 0 runs, 0 hits, 0 errors, 0 left on base; Hagerstown 9 - Lakewood 1 |
BOTTOM OF THE 6TH |
Lakewood BlueClaws batting - Pitching for Hagerstown Suns : RHP Jason Beck
|
Pitching: RHP Gilberto Ricalde
|
|
Batting: RHB Danny Krug
|
0-0: Ball 1-0: Swinging Strike 1-1: Foul Ball, location: 2F 1-2: Strikes out swinging
|
Batting: RHB Victor Arroyo
|
0-0: Called Strike 0-1: Ball 1-1: Ball 2-1: Swinging Strike 2-2: Ball 3-2: Foul Ball, location: 2F 3-2: Base on Balls
|
Batting: LHB Jose Carlos
|
0-0: Ball 1-0: Ball 2-0: Ball 3-0: Called Strike 3-1: Foul Ball, location: 2F 3-2: Fielders Choice at 2nd, 4-6 (Groundball, 4, EV 89.4 MPH)
|
Batting: SHB Mike Rueth
|
0-0: Ball 1-0: Called Strike Jose Carlos steals 2nd base (no throw) 1-1: Ground out 6-3 (Groundball, 6, EV 89.4 MPH)
|
Bottom of the 6th over - 0 runs, 0 hits, 0 errors, 1 left on base; Hagerstown 9 - Lakewood 1 |
TOP OF THE 7TH |
Hagerstown Suns batting - Pitching for Lakewood BlueClaws : RHP Ricardo Dominguez
|
Batting: LHB Yoshiya Kurokawa
|
0-0: Called Strike 0-1: Fly out, F7 (Flyball, 7, EV 87.5 MPH)
|
Batting: RHB Justin Slifka
|
0-0: Ball 1-0: Fly out, F9 (Flyball, 9S, EV 81.2 MPH)
|
Batting: RHB Josh Courtney
|
0-0: Ball 1-0: Ball 2-0: Ball 3-0: TRIPLE (Flyball, 89XD, EV 86.9 MPH)
|
Batting: RHB Jeff Page
|
0-0: Ball 1-0: Called Strike 1-1: Ball 2-1: Ground out 4-3 (Groundball, 4, EV 105.0 MPH)
|
Top of the 7th over - 0 runs, 1 hit, 0 errors, 1 left on base; Hagerstown 9 - Lakewood 1 |
BOTTOM OF THE 7TH |
Lakewood BlueClaws batting - Pitching for Hagerstown Suns : RHP Gilberto Ricalde
|
Batting: RHB Pedro Mata
|
0-0: Foul Ball, location: 2F 0-1: Ball 1-1: Foul Ball, location: 2F 1-2: Foul Ball, location: 2F 1-2: DOUBLE (Line Drive, 89D, EV 111.2 MPH)
|
Batting: RHB Kyle Morse
|
0-0: Ball 1-0: Ground out 3-1 (Groundball, 34, EV 103.1 MPH) Pedro Mata to third
|
Batting: RHB Alberto Ramirez
|
0-0: Ball 1-0: Ball 2-0: Fly out, F7 (Flyball, 78S, EV 96.9 MPH)
|
Batting: RHB Steve Jones
|
0-0: Ball 1-0: Ball 2-0: Ball 3-0: Called Strike 3-1: TRIPLE (Line Drive, 89XD, EV 109.4 MPH) Pedro Mata scores
|
Batting: SHB Bob Dixon
|
0-0: Ground out 3-1 (Groundball, 34, EV 81.9 MPH)
|
Bottom of the 7th over - 1 run, 2 hits, 0 errors, 1 left on base; Hagerstown 9 - Lakewood 2 |
TOP OF THE 8TH |
Hagerstown Suns batting - Pitching for Lakewood BlueClaws : RHP Ricardo Dominguez
|
Batting: RHB Scott Skoglund
|
0-0: Swinging Strike 0-1: Ball 1-1: Called Strike 1-2: Ball 2-2: Foul Ball, location: 2F 2-2: Foul Ball, location: 2F 2-2: Ground out 5-3 (Groundball, 5, EV 110.6 MPH)
|
Pitching: RHP Ronnie DeAngelo
|
|
Batting: RHB Bobby Dieter
|
0-0: Swinging Strike 0-1: Called Strike 0-2: Strikes out swinging
|
Batting: RHB Pat Drader
|
0-0: Called Strike 0-1: Ball 1-1: Ball 2-1: Ball 3-1: Base on Balls
|
Batting: RHB John McNeill
|
0-0: Ball 1-0: Fly out, F7 (Flyball, 7D, EV 108.1 MPH)
|
Top of the 8th over - 0 runs, 0 hits, 0 errors, 1 left on base; Hagerstown 9 - Lakewood 2 |
BOTTOM OF THE 8TH |
Lakewood BlueClaws batting - Pitching for Hagerstown Suns : RHP Gilberto Ricalde
|
Pitching: RHP Roy Walker
|
|
Batting: RHB Danny Krug
|
0-0: Ball 1-0: Ball 2-0: Foul Ball, location: 2F 2-1: SINGLE (Groundball, 4MD, EV 98.1 MPH)
|
Batting: RHB Victor Arroyo
|
0-0: Ball 1-0: Ball 2-0: Ball 3-0: Called Strike 3-1: Foul Ball, location: 2F 3-2: Base on Balls Danny Krug to second
|
Batting: LHB Jose Carlos
|
0-0: Ball 1-0: Ball 2-0: Fly out, F8 (Flyball, 89M, EV 92.5 MPH)
|
Batting: SHB Mike Rueth
|
0-0: SINGLE (Groundball, 34D, EV 93.8 MPH) Danny Krug to third Victor Arroyo to second
|
Batting: RHB Pedro Mata
|
0-0: Fielders Choice at 2nd, 3-6 (Groundball, 34, EV 79.4 MPH) Danny Krug scores Victor Arroyo to third
|
Batting: RHB Kyle Morse
|
0-0: Ball 1-0: Foul Ball, location: 2F 1-1: Foul Ball, location: 2F 1-2: Ball 2-2: Ball 3-2: Strikes out swinging
|
Bottom of the 8th over - 1 run, 2 hits, 0 errors, 2 left on base; Hagerstown 9 - Lakewood 3 |
TOP OF THE 9TH |
Hagerstown Suns batting - Pitching for Lakewood BlueClaws : RHP Ronnie DeAngelo
|
Pitching: RHP Chris Lee
|
|
Batting: RHB Kevin Wick
|
0-0: Ball 1-0: Ball 2-0: Ball 3-0: Base on Balls
|
Batting: LHB Yoshiya Kurokawa
|
0-0: Called Strike 0-1: Swinging Strike 0-2: Ball 1-2: Strikes out swinging
|
Batting: RHB Justin Slifka
|
0-0: Called Strike 0-1: Ball 1-1: Swinging Strike 1-2: Strikes out looking
|
Batting: RHB Josh Courtney
|
0-0: Called Strike 0-1: Swinging Strike 0-2: Fielders Choice at 2nd, 6-4 (Groundball, 6, EV 84.4 MPH)
|
Top of the 9th over - 0 runs, 0 hits, 0 errors, 1 left on base; Hagerstown 9 - Lakewood 3 |
BOTTOM OF THE 9TH |
Lakewood BlueClaws batting - Pitching for Hagerstown Suns : RHP Roy Walker
|
Batting: RHB Alberto Ramirez
|
0-0: Ball 1-0: Ground out 4-3 (Groundball, 4, EV 85.6 MPH)
|
Batting: RHB Steve Jones
|
0-0: Ball 1-0: Swinging Strike 1-1: Ground out 6-3 (Groundball, 6, EV 85.6 MPH)
|
Batting: SHB Bob Dixon
|
0-0: Ball 1-0: Called Strike 1-1: Ball 2-1: Ball 3-1: Base on Balls
|
Batting: RHB Danny Krug
|
0-0: Ball 1-0: Fly out, F9 (Flyball, 89S, EV 73.1 MPH)
|
Bottom of the 9th over - 0 runs, 0 hits, 0 errors, 1 left on base; Hagerstown 9 - Lakewood 3 |
|